 Dungeon Crawl Stone Soup version 0.31-a0-489-g282fc92437 (webtiles) character file.

Game seed: 13483636923532466991

75 Ethylacetat the Trooper (level 4, 0/34 HPs)
             Began as an Octopode Gladiator on Aug 8, 2023.
             Slain by an orc wizard
             ... wielding a +0 dagger
              (4 damage)
             ... on level 3 of the Dungeon.
             The game lasted 00:02:06 (1751 turns).

Ethylacetat the Trooper (Octopode Gladiator)        Turns: 1751, Time: 00:02:06

Health: 0/34       AC:  1    Str: 13    XL:     4   Next: 31%
Magic:  4/4        EV: 14    Int: 10    God:
Gold:   57         SH:  0    Dex: 15    Spells: 3/3 levels left

rFire   . . .        a - +0 rapier
rCold   . . .        (no shield)
rNeg    . . .        b - +0 hat
rPois   +            (no amulet)
rElec   .            d - ring of poison resistance
rCorr   .            (no ring)
SInv    .            (no ring)
Will    .....        (no ring)
Stlth   ++           (no ring)
HPRegen 0.25/turn    (no ring)
MPRegen 0.09/turn    (no ring)
                     (no ring)

%: no passive effects
@: no status effects
A: almost no armour, amphibious, 8 rings, camouflage 1, gelatinous body 1,
(nimble swimmer 1), tentacles, tentacle spike 1, passive freeze, teleportitis 1
a: no special abilities


You were on level 3 of the Dungeon.
You visited 1 branch of the dungeon, and saw 3 of its levels.

You collected 57 gold pieces.

Inventory:

Hand Weapons
 a - a +0 rapier (weapon)
Missiles
 c - 2 throwing nets
 h - 3 boomerangs (quivered)
 i - a javelin
Armour
 b - a +0 hat (worn)
Jewellery
 d - a ring of poison resistance (left tentacle)
Wands
 k - a wand of paralysis (7)
Scrolls
 e - 3 scrolls of identify {unknown}
 f - a scroll of teleportation {unknown}
 j - a scroll of revelation {unknown}
 l - a scroll of fog {unknown}
Potions
 g - a potion of mutation


   Skills:
 + Level 4.4 Fighting
 - Level 3.0 Short Blades
 - Level 2.0 Throwing
 - Level 3.0 Dodging


You had 3 spell levels left.
You didn't know any spells.
Your spell library contained the following spells:

 Spells                   Type           Power      Damage    Failure   Level
 Blink                    Tloc           0%         N/A       50%         2
 Manifold Assault         Tloc           0%         N/A       98%         4


Dungeon Overview and Level Annotations

Branches:
Dungeon (3/15)

Altars:

Shops:
D:2 (


Innate Abilities, Weirdness & Mutations

You cannot wear most types of armour.
You are amphibious.
You can wear up to eight rings at the same time.
Your skin changes colour to match your surroundings (Stealth+).
Your rubbery body absorbs attacks. (AC +1, EV +1)
((You are camouflaged when in or above water. (Stealth+)))
You have tentacles for arms and can constrict up to eight enemies at once.
One of your tentacles bears a spike.
A frigid envelope surrounds you and freezes all who hurt you.
You are occasionally teleported next to monsters.


Message History

There is a stone staircase leading down here.
You start resting.
HP restored.
You climb downwards.
The orc wizard mumbles some strange words.
The orc wizard flickers and vanishes!
Deactivating autopickup; reactivate with Ctrl-A.
The orc closely misses you. x2
There is a stone staircase leading up here.
You hit the orc. Your grab misses the orc.
The orc is lightly wounded.
The orc closely misses you.
You closely miss the orc. You grab the orc.
The orc is lightly wounded.
You constrict the orc. The orc barely misses you.
You hit the orc.
The orc is heavily wounded.
You constrict the orc. Something hits you. The orc misses you.
You hit the orc.
You kill the orc!
Something hits you.
You hit something. Something hits you.
You barely miss something. Something hits you.
You closely miss something. Something hits you. The kobold closely misses you.
You hit something.
Your tentacle-slap misses something.
Something hits you. The kobold hits you with a +0 dagger.
You hit the kobold but do no damage. Your grab misses the kobold.
Something hits you.
* * * LOW HITPOINT WARNING * * *
The kobold hits you with a +0 dagger.
* * * LOW HITPOINT WARNING * * *
You closely miss something. Something hits you.
* * * LOW HITPOINT WARNING * * *
The kobold hits you with a +0 dagger.
* * * LOW HITPOINT WARNING * * *
It was a potion of mutation.
You feel extremely strange.
You feel weirdly uncertain.
Your skin feels very cold.
One of your lower tentacles grows a sharp spike.
Something hits you.
You die...

.#...........|.#####
....................
#......).....#####.
##.......†....#
#..........####
#...?......#
#..........#
#.....K....#
#....@..†..#
##........##
##....<.## ########


You could see a kobold.

Vanquished Creatures
  4 adders
  2 orcs
  A ball python (D:2)
  7 endoplasms
  2 giant cockroaches
  2 goblins (D:2)
  5 hobgoblins
  4 jackals (D:2)
  3 kobolds (D:2)
  A quokka (D:1)
  A bat (D:1)
32 creatures vanquished.

Notes
Turn   | Place    | Note
-------+----------+-------------------------------------------
     0 | D:1      | Ethylacetat the Octopode Gladiator began the quest for the
                  | Orb.
     0 | D:1      | Reached XP level 1. HP: 14/14 MP: 1/1
   476 | D:1      | Reached XP level 2. HP: 20/20 MP: 2/2
   695 | D:2      | Reached skill level 3 in Fighting
   739 | D:2      | Found Plog's Antique Weapon Boutique.
   888 | D:2      | Reached XP level 3. HP: 26/26 MP: 3/3
  1626 | D:3      | Reached skill level 4 in Fighting
  1634 | D:3      | Reached XP level 4. HP: 26/33 MP: 4/4
  1751 | D:3      | Gained mutation: You are occasionally teleported next to
                  | monsters. [potion of mutation]
  1751 | D:3      | Gained mutation: A frigid envelope surrounds you and
                  | freezes all who hurt you. [potion of mutation]
  1751 | D:3      | Gained mutation: One of your tentacles bears a spike.
                  | [potion of mutation]
  1751 | D:3      | Slain by an orc wizard

Illustrated notes

Levels and vault maps discovered:
D:1:      giann_bridges, layout_basic, serial_forest,
          infiniplex_forest_lined_room_, infiniplex_forest_lined_room_,
          infiniplex_forest_lined_4_way, infiniplex_forest_straight_1,
          infiniplex_forest_straight_2
D:2:      layout_basic, serial_shops, nicolae_shop_window_shopping
D:3:      layout_rooms, dreamdust_ecumenical_altar_drowned_temple, uniq_ijyb

Skill      XL: |  1  2  3 |
---------------+----------+-----
Fighting       | 3 4 |  4.4
Short Blades   | |  3.0
Throwing       | |  2.0
Dodging        | |  3.0

Action                     |  1- 3 |  4- 6 || total
---------------------------+-------+-------++-------
  Melee: Rapier            |    64 |    21 ||    85
         Constrict         |    11 |     4 ||    15
         Tentacles         |    13 |     1 ||    14
  Throw: Boomerang         |     2 |       ||     2
         Javelin           |     1 |       ||     1
         Throwing net      |     1 |       ||     1
    Use: Potion            |       |     1 ||     1
   Stab: Sleeping          |     6 |       ||     6
 Armour: Skin              |     3 |     3 ||     6
  Dodge: Dodged            |    33 |    16 ||    49

Table legend: (Time is in decaauts)
 A = Elapsed time spent in this place.
 B = Non-inter-level travel time spent in this place.
 C = Inter-level travel time spent in this place.
 D = Time resting spent in this place.
 E = Time spent auto-exploring this place.
 F = Levels seen in this place.
 G = Mean time per level.
                   A        B        C        D        E       F      G
               +--------+--------+--------+--------+--------+-----+--------+
         Total |   1755 |   1689 |     66 |     77 |   1364 |   3 |  585.0 |
       Dungeon |   1755 |   1689 |     66 |     77 |   1364 |   3 |  585.0 |
               +--------+--------+--------+--------+--------+-----+--------+

Top non-repeatable levels by time:
     D:2: 1020 daAuts
     D:1: 689 daAuts
     D:3: 45 daAuts
